cohdb
Replays
Latest Replays
All Replays
Popular Replays
Top Player Replays
Match Explorer
How It Works
Community
CoH3 Stats
Reddit
Sign in to upload your games and track your stats! →
Sign in with Steam
Match 40703115
Unlisted
Match 40703115
Overview
Messages
Build Orders
End
Vickers Machine Gun Team
Construct Section Command Post
Dingo Light Scout Car
Infantry Section
Infantry Section
Infantry Section
Construct Field Infirmary
Construct Platoon Command Post
Humber Armored Car
Selects Heavy Armor Battlegroup
Selects Rigorous Vehicle Training
Selects Light Vehicle Withdraw and Refit
Construct Field Infirmary
6-pounder Anti-tank Gun Team
Grenade Package
Construct Company Command Post
Selects UNKNOWN (202330)
Selects Forward Repair Assembly
Foot Guards Section
Crusader AA Medium Tank
Armored Vehicle Training
Infantry Training
Royal Engineer Section
Guziol#
Goodvyn
0
0
Comments
sign in to comment!
No comments posted yet!